 Dungeon Crawl Stone Soup version 0.17.0-24-gcfadda4 (console) character file.

46 gw the Vandal (level 3, 0/24 HPs)
             Began as a Halfling Hunter on Nov 17, 2015.
             Succumbed to an adder's poison
             ... on level 2 of the Dungeon.
             The game lasted 00:01:07 (998 turns).

gw the Vandal (Halfling Hunter)                      Turns: 998, Time: 00:01:07

Health: 0/24       AC:  5    Str: 12    XL:     3   Next: 95%
Magic:  3/3        EV: 13    Int: 10    God:
Gold:   45         SH:  0    Dex: 15    Spells: 0 memorised, 2 levels left

rFire  . . .     SeeInvis .     b - +0 whip
rCold  . . .     Clarity  .     h - +0 ring mail
rNeg   . . .     SustAt   .     (shield restricted)
rPois  .         Gourm    .     (no helmet)
rElec  .         Spirit   .     (no cloak)
rCorr  .         Warding  .     (no gloves)
rMut   .         Stasis   .     (no boots)
MR     .....                    (no amulet)
Stlth  +.........               (no ring)
                                (no ring)

@: lethally poisoned (0 -> -6), not resistant to hostile enchantments, very
unstealthy
A: mutation resistance 1
a: no special abilities


You were on level 2 of the Dungeon.
You were not hungry.

You visited 1 branch of the dungeon, and saw 2 of its levels.

You collected 45 gold pieces.

Inventory:

Hand Weapons
 a - a +1 hunting sling
 b - a +0 whip (weapon)
Missiles
 d - a stone (quivered)
 g - 19 sling bullets
Armour
 h - a +0 ring mail (worn)
Comestibles
 e - a bread ration


   Skills:
 + Level 2.1 Fighting
 + Level 0.5 Maces & Flails
 * Level 6.7 Slings
 + Level 1.6 Armour
 - Level 2.1 Dodging
 - Level 1.1 Stealth


You had 2 spell levels left.
You didn't know any spells.

Dungeon Overview and Level Annotations

Branches:
Dungeon (2/15)

Altars:


Innate Abilities, Weirdness & Mutations

You are small and have problems with some larger weapons.
You are somewhat resistant to further mutation.


Message History

You hit the adder.
You kill the adder!
You feel sick.
MOVING TO (1,0)
You feel sick.
ATTACKING (-1,0)
You swing at nothing.
ATTACKING (-1,0)
You swing at nothing.
You feel sick.
ATTACKING (1,0)
You swing at nothing.
You feel sick.
ATTACKING (1,0)
You swing at nothing.
ATTACKING (1,0)
You swing at nothing.
You feel sick.
ATTACKING (1,0)
You swing at nothing.
ATTACKING (-1,0)
You swing at nothing.
You die...

# #. #< ##.#
.###...
.......#####
#....p.)#
.?..#.####.# .
.#.#...<#####.#
..............#
.#>#....#######
#.####.#
#......#
########


There were no monsters in sight!

Table legend:
 A = Turns spent in this place as a percentage of turns spent in the entire game.
 B = Non-inter-level travel turns spent in this place as a percentage of non-inter-level travel turns spent in the entire game.
 C = Inter-level travel turns spent in this place as a percentage of turns spent in this place.
 D = Turns resting spent in this place as a percentage of non-inter-level travel turns spent in this place.
 E = Turns spent auto-exploring this place as a percentage of non-inter-level travel turns spent in this place.
 F = Non-inter-level travel turns spent in this place divided by the number of levels of this place that you've seen.
                   A       B       C       D       E      F
               +-------+-------+-------+-------+-------+----------------------
         Total | 100.0 | 100.0 |   0.1 |   0.5 |   2.3 | 825.0
       Dungeon | 100.0 | 100.0 |   0.1 |   0.5 |   2.3 | 825.0
               +-------+-------+-------+-------+-------+----------------------

Table legend:
 A = Kills in this place as a percentage of kills in entire the game.
 B = Kills by you in this place as a percentage of kills by you in the entire game.
 C = Kills by friends in this place as a percentage of kills by friends in the entire game.
 D = Other kills in this place as a percentage of other kills in the entire game.
 E = Experience gained in this place as a percentage of experience gained in the entire game.
 F = Experience gained in this place divided by the number of levels of this place that you have seen.
                   A       B       C       D       E      F
               +-------+-------+-------+-------+-------+----------------------
         Total | 100.0 | 100.0 |  -nan |  -nan | 100.0 |  33.5
       Dungeon | 100.0 | 100.0 |  -nan |  -nan | 100.0 |  33.5
               +-------+-------+-------+-------+-------+----------------------

Vanquished Creatures
  An adder (D:2)
  A gnoll (D:1)
  2 giant geckos (D:1)
  5 bats (D:1)
  A giant cockroach (D:1)
  3 goblins (D:1)
  5 hobgoblins (D:1)
  A kobold (D:1)
  A giant newt (D:1)
  3 jackals (D:1)
  3 rats (D:1)
26 creatures vanquished.

Notes
Turn   | Place    | Note
--------------------------------------------------------------
     0 | D:1      | gw the Halfling Hunter began the quest for the Orb.
     0 | D:1      | Reached XP level 1. HP: 14/14 MP: 1/1
   154 | D:1      | Reached skill level 6 in Slings
   154 | D:1      | Reached XP level 2. HP: 9/19 MP: 2/2
   516 | D:1      | Reached skill level 1 in Armour
   520 | D:1      | Reached XP level 3. HP: 24/24 MP: 3/3
   996 | D:2      | HP: 1/24 [poisoned by an adder]
   998 | D:2      | Succumbed to an adder's poison

Action                   || total
-------------------------++-------
Melee: Short sword       ||    27
       Whip              ||    33
 Fire: Hunting sling     ||    35
  Use: Scroll            ||     4

Vault maps used:
D:1:      dpeg_arrival_tiny_i, minmay_misc_feat_diagonals
D:2:      old_standard_altar, lightli_temple_of_fire,
          grunt_temple_overflow_cloverleaf, first_bread, guppyfry_early_orc_mine
